 Dungeon Crawl Stone Soup version 0.28.0-53-g5a82cb258f (webtiles) character file.

Game seed: 16432782997888035090

1022 DildoBatman the Magician (level 8, -2/58 HPs)
             Began as a Formicid Conjurer on July 16, 2022.
             Was an Initiate of Kikubaaqudgha.
             Slain by Pikel
             ... wielding a +0 whip of electrocution
              (11 damage)
             ... on level 4 of the Dungeon.
             The game lasted 00:16:58 (6964 turns).

DildoBatman the Magician (Formicid Conjurer)        Turns: 6964, Time: 00:16:58

Health: -2/58      AC:  2    Str: 15    XL:     8   Next: 46%
Magic:  12/18      EV: 16    Int: 18    God:    Kikubaaqudgha [......]
Gold:   254        SH:  5    Dex: 11    Spells: 17/20 levels left

rFire   . . .      SeeInvis +   a - +6 mace "Tinuic" {vorpal, rC+ Str+3}
rCold   + . .      Faith    .   (no shield)
rNeg    . . .      Spirit   .   i - +0 robe
rPois   .          Reflect  +   (helmet unavailable)
rElec   .          Harm     .   (no cloak)
rCorr   .          Rampage  .   (no gloves)
Will    .....                   (no boots)
Stlth   ++........              g - amulet of reflection
HPRegen 0.19/turn               s - ring of wizardry
MPRegen 0.16/turn               r - +4 ring of evasion

@: no status effects
A: permanent stasis, dig shafts and tunnels, antennae 3, four strong arms
a: Dig, Shaft Self, Renounce Religion


You were on level 4 of the Dungeon.
You worshipped Kikubaaqudgha.
Kikubaaqudgha was noncommittal.
You visited 2 branches of the dungeon, and saw 8 of its levels.

You collected 319 gold pieces.
You spent 65 gold pieces at shops.

Inventory:

Hand Weapons
 a - the +6 mace "Tinuic" (weapon) {vorpal, rC+ Str+3}
   (You found it on level 3 of the Dungeon)

   It inflicts extra damage upon your enemies.
   Str:       It affects your strength (+3).
   rC:        It protects you from cold.
 b - a +2 spear of freezing
Missiles
 d - 163 stones
 e - 6 curare-tipped darts
 j - 76 arrows
 o - 13 sling bullets
 t - 8 poisoned darts
 y - a throwing net
 A - 6 boomerangs
Armour
 i - a +0 robe (worn)
Jewellery
 g - an amulet of reflection (around neck)
 r - a +4 ring of evasion (right hand)
 s - a ring of wizardry (left hand)
 x - a ring of magical power
Wands
 F - a wand of polymorph (4)
Scrolls
 c - a scroll of immolation {unknown}
 h - a scroll of summoning {unknown}
 l - a scroll of enchant armour
 n - a scroll of magic mapping {unknown}
 q - a scroll of teleportation {unknown}
 v - 3 scrolls of amnesia
 B - a scroll of fog {unknown}
 G - a scroll of holy word {unknown}
Potions
 f - a potion of brilliance
 k - a potion of flight {unknown}
 m - 2 potions of mutation {unknown}
 p - a potion of berserk rage {unknown}
 u - a potion of attraction {unknown}
 w - a potion of invisibility {unknown}
 z - 4 potions of curing
 C - a potion of heal wounds {unknown}
 D - a potion of lignification {unknown}
 E - a potion of haste {unknown}


   Skills:
 - Level 3.0 Fighting
 - Level 3.0 Armour
 - Level 2.0 Dodging
 - Level 2.4 Stealth
 * Level 6.7 Spellcasting
 - Level 6.0 Conjurations


You had 17 spell levels left.
You knew the following spells:

 Your Spells              Type           Power      Damage    Failure   Level
a - Searing Ray           Conj           54%        2d6       1%          2
c - Magic Dart            Conj           100%       1d8       1%          1

Your spell library contained the following spells:

 Spells                   Type           Power      Damage    Failure   Level
 Shock                    Conj/Air       64%        1d7       1%          1
 Beastly Appendage        Tmut           12%        N/A       4%          1
 Freeze                   Ice            24%        1d5       4%          1
 Summon Small Mammal      Summ           24%        N/A       4%          1
 Dazzling Flash           Conj/Hex       32%        N/A       4%          3
 Ensorcelled Hibernation  Hex/Ice        12%        N/A       7%          2
 Passwall                 Tmut/Erth      5%         N/A       7%          2
 Wereblood                Tmut           6%         N/A       7%          2
 Call Canine Familiar     Summ           6%         N/A       13%         3
 Portal Projectile        Hex/Tloc       12%        N/A       13%         3
 Spider Form              Tmut/Pois      6%         N/A       13%         3
 Summon Guardian Golem    Hex/Summ       6%         N/A       13%         3
 Fulminant Prism          Conj/Hex       8%         3d7       13%         4
 Iskenderun's Mystic Bla  Conj/Tloc      16%        2d5       13%         4
 Airstrike                Air            3%         N/A       38%         4
 Metabolic Englaciation   Hex/Ice        3%         N/A       73%         5
 Polar Vortex             Ice            3%         N/A       100%        9
 Swiftness                Air            Unusable   N/A       N/A         3

Dungeon Overview and Level Annotations

Branches:
Dungeon (7/15)             Temple (1/1) D:7

Altars:
Ashenzari
Cheibriados
Dithmenos
Elyvilon
Fedhas
Gozag
Hepliaklqana
Kikubaaqudgha
Makhleb
Nemelex Xobeh
Okawaru
Qazlal
Ru
Sif Muna
Trog
Uskayaw
Vehumet
Wu Jian
Xom
Yredelemnul
Zin
The Shining One

Shops:
D:6 ([*[[

Annotations:
D:2 1 runed translucent door, Crazy Yiuf
D:3 Natasha, Sigmund
D:4 Edmund, Ijyb, Pikel


Innate Abilities, Weirdness & Mutations

You cannot be hasted, slowed, berserked, paralysed or teleported.
You can dig through walls and to a lower floor.
You have a pair of large antennae on your head. (SInv)
Your four strong arms can wield two-handed weapons with a shield.


Message History

The lemure is severely wounded.
Pikel hits you with a +0 whip of electrocution.
You are electrocuted!!
The searing ray misses Pikel.
The searing ray hits the lemure.
The lemure is almost dead.
Pikel says, "You'll make a fine lemure."
You block Pikel's attack.
The searing ray hits Pikel.
Pikel is heavily wounded.
The searing ray hits the lemure!
You kill the lemure!
That felt strangely unrewarding.
You finish channelling your searing ray.
Pikel closely misses you.
Press: ? - help, v - describe, . - travel
Here: Pikel, wielding a +0 whip of electrocution and wearing a +0 robe (heavily wounded)
The floor.
Unknown command.
You remove your ring of magical power.
You feel your magic capacity decrease.
r - a +4 ring of evasion (right hand) Pikel misses you.
Casting: Searing Ray (safe; 1% risk of failure)
Confirm with . or Enter, or press ? or * to list all spells.
Aiming: Searing Ray (safe; 1% risk of failure)
Press: ? - help, Shift-Dir - straight line, f/p - Pikel
Aim: Pikel, wielding a +0 whip of electrocution and wearing a +0 robe (heavily wounded, 74% to hit)
The searing ray hits Pikel.
Pikel is heavily wounded. (Press . to maintain the ray.) Pikel hits you with a +0 whip of electrocution.
You are electrocuted!!
The searing ray misses Pikel.
Pikel barely misses you.
The searing ray hits Pikel.
Pikel is heavily wounded.
Pikel hits you with a +0 whip of electrocution!
You die...
Kikubaaqudgha rasps: "You have failed me!
Welcome... death!"

....§§§....≈.#...#..## #.......
...§.§§...≈≈.#.......# ########
....§..._5.5.#..##...##### .##
###..≈≈...≈≈.............#@..##
#..≈.....≈.#....######......#
#....≈.≈........# #.......#
##..≈≈.≈≈..###.## ##.....##
##.......## #K# #...##
#......#####@### #.## #.#..###
#.....# .# #...## #.....# ###.#
###.# #....># #...# #.# #.....#
#.### #.# #.....# #.# ##.##
####### #.# #...# #.# ##.## #<#


You could see Pikel.

Vanquished Creatures
  2 sky beasts
  An ice beast (D:5)
  An ogre (D:5)
  A centaur (D:6)
  4 lemures
  2 scorpions
  A wyvern skeleton (D:4)
  A centaur zombie (D:6)
  A jelly (D:6)
  2 hounds
  An orc priest (D:6)
  An orc wizard (D:6)
  2 iguanas
  A killer bee zombie (D:6)
  4 adders
  3 gnolls (D:3)
  A white imp (D:6)
  2 worms
  3 dart slugs
  10 orcs
  5 ball pythons
  9 endoplasms
  3 giant cockroaches
  6 goblins
  9 hobgoblins
  3 jackals (D:2)
  4 kobolds
  2 quokkas
  3 bats
  5 frilled lizards
  7 rats
100 creatures vanquished.

Vanquished Creatures (others)
  2 plants
2 creatures vanquished.

Grand Total: 102 creatures vanquished

Notes
Turn   | Place    | Note
-------+----------+-------------------------------------------
     0 | D:1      | DildoBatman the Formicid Conjurer began the quest for the
                  | Orb.
     0 | D:1      | Reached XP level 1. HP: 13/13 MP: 3/3
    22 | D:1      | You fall into a shaft and drop 1 floor!
   185 | D:1      | Reached XP level 2. HP: 19/20 MP: 0/5
   188 | D:1      | Learned a level 2 spell: Searing Ray
   324 | D:1      | Reached skill level 1 in Armour
   390 | D:1      | Reached skill level 1 in Fighting
   390 | D:1      | Reached XP level 3. HP: 7/26 MP: 1/6
  1075 | D:2      | Reached XP level 4. HP: 28/32 MP: 5/8
  1257 | D:2      | Found a faded altar of an unknown god.
  1402 | D:2      | Found a runed translucent door.
  1403 | D:2      | Noticed Crazy Yiuf
  1960 | D:3      | Identified the +6 mace "Tinuic" {vorpal, rC+ Str+3}
  2024 | D:3      | Noticed Natasha
  2040 | D:3      | Reached XP level 5. HP: 38/38 MP: 2/9
  2126 | D:3      | Noticed Sigmund
  3080 | D:4      | Noticed a lemure
  3116 | D:4      | HP: 1/37 [poisoned by an adder]
  3427 | D:3      | Killed a lemure
  3512 | D:4      | Reached XP level 6. HP: 41/46 MP: 11/11
  3550 | D:4      | Noticed Edmund
  3567 | D:4      | Found a snail-covered altar of Cheibriados.
  3814 | D:4      | Noticed Ijyb
  3900 | D:4      | Noticed Pikel
  4371 | D:5      | Entered Level 5 of the Dungeon
  4660 | D:5      | Noticed a sky beast
  4668 | D:5      | Killed a sky beast
  4669 | D:5      | Reached skill level 5 in Conjurations
  4669 | D:5      | Reached XP level 7. HP: 34/52 MP: 9/13
  5339 | D:6      | Found Nefido's General Store.
  5342 | D:6      | Bought a potion of curing for 39 gold pieces
  5342 | D:6      | Bought a scroll of identify for 26 gold pieces
  5448 | D:6      | Reached skill level 5 in Spellcasting
  5459 | D:6      | Found Cidwule's Antique Armour Shoppe.
  5633 | D:6      | Found Kiqyuqy's Antique Armour Emporium.
  5710 | D:6      | Reached XP level 8. HP: 56/58 MP: 14/16
  5787 | D:6      | Got Lusum's Volume of Entrancing Snow
  5893 | D:6      | Found Yxakkoma's Weapon Shop.
  5928 | D:6      | Found Akatrur's Armour Emporium.
  6252 | D:7      | Found a staircase to the Ecumenical Temple.
  6262 | Temple   | Entered the Ecumenical Temple
  6810 | Temple   | Became a worshipper of Kikubaaqudgha
  6964 | D:4      | Slain by Pikel

Illustrated notes

Levels and vault maps discovered:
D:1:      wander_arrival_desolate, layout_loops_cross
D:2:      layout_basic, shapermc_ecumenical_altar_mp_vishouse, serial_forest,
          infiniplex_forest_straight_2, infiniplex_forest_lined_4_way,
          infiniplex_forest_clump_long, infiniplex_forest_lined_2,
          uniq_crazy_yiuf_cottage
D:3:      layout_basic, grunt_ministairs_4, st_stairs_1, minivault_5,
          uniq_natasha, uniq_sigmund
D:4:      layout_loops_cross, mainiacjoe_overflow_small_starburst, uniq_edmund,
          uniq_pikel, uniq_ijyb
D:5:      layout_loops_cross
D:6:      layout_cave_pools, serial_shops, nicolae_shop_behind_doors,
          nicolae_take_the_stairs, nicolae_shop_waterfront, kennysheep_mini,
          nicolae_shop_bloodbath_and_beyond, serial_column_ruins,
          column_ruins_hut_ruined, column_ruins_open_tiny_water,
          column_ruins_columns_straight, column_ruins_corridor_corner,
          column_ruins_open_small, column_ruins_open_small
D:7:      nicolae_cairo_tiling_large, layout_gridville,
          minmay_temple_entry_gardened_gates, gammafunk_ghost_gnarly_gnolls,
          uniq_menkaure
Temple:   mainiacjoe_temple_starburst

Skill      XL: |  1  2  3  4  5  6  7  8 |
---------------+-------------------------+-----
Dodging        | 2 |  2.0
Armour         | 1 2 3 |  3.0
Fighting       | 1 2 3 |  3.0
Conjurations   | 4 5 6 |  6.0
Spellcasting   | 3 4 5 6 |  6.7
Stealth        | |  2.4

Action                   |  1- 3 |  4- 6 |  7- 9 || total
-------------------------+-------+-------+-------++-------
Melee: Club              |     9 |       |       ||     9
       Unarmed           |     1 |       |       ||     1
       Dagger            |    19 |       |       ||    19
       Punch             |     1 |       |       ||     1
       Spear             |    20 |    23 |       ||    43
       Mace              |       |     1 |     1 ||     2
 Cast: Magic Dart        |    35 |    37 |    30 ||   102
       Searing Ray       |     5 |    24 |    23 ||    52
 Abil: Dig               |       |     1 |       ||     1
  Use: Potion            |       |     1 |       ||     1
       Scroll            |       |       |     4 ||     4
 Stab: Sleeping          |     3 |     1 |       ||     4
Armor: Robe              |     9 |     3 |     5 ||    17
Dodge: Dodged            |    35 |    32 |    17 ||    84
Block: Other             |       |     4 |     6 ||    10
